 Dungeon Crawl Stone Soup version 0.31.0-9-g3a7656b989 (webtiles) character file.

Game seed: 7516305957303415617

20 qw the Shooter (level 2, -1/16 HPs)
             Began as a Deep Elf Hunter on Feb 2, 2024.
             Slain by Sigmund
             ... wielding a +4 scythe of freezing
              (10 damage)
             ... on level 2 of the Dungeon.
             The game lasted 00:00:02 (916 turns).

qw the Shooter (Deep Elf Hunter)                     Turns: 916, Time: 00:00:02

Health: -1/16      AC:  3    Str:  8    XL:     2   Next: 58%
Magic:  4/4        EV: 12    Int: 13    God:
Gold:   57         SH:  0    Dex: 18    Spells: 1/1 levels left

rFire   . . .        a - +1 shortbow
rCold   . . .        (shield currently unavailable)
rNeg    . . .        c - +0 leather armour
rPois   .            (no helmet)
rElec   .            (no cloak)
rCorr   .            (no gloves)
SInv    .            (no boots)
Will    .....        (no amulet)
Stlth   +            (no ring)
HPRegen 0.22/turn    (no ring)
MPRegen 0.09/turn

%: no passive effects
@: confused
A: no striking features
a: no special abilities


You were on level 2 of the Dungeon.
You visited 1 branch of the dungeon, and saw 2 of its levels.

You collected 57 gold pieces.


   Skills:
 - Level 1.5 Fighting
 + Level 6.3 Ranged Weapons
 - Level 2.4 Dodging
 - Level 1.2 Stealth


You had one spell level left.
You didn't know any spells.
Your spell library was empty.

Inventory:

Hand Weapons
 a - a +1 shortbow (weapon)
Armour
 c - a +0 leather armour (worn)

Dungeon Overview and Level Annotations

Branches:
Dungeon (2/15)

Altars:

Annotations:
D:2 Sigmund


Message History

You feel strangely unstable.
It was a scroll of teleportation.
You start waiting.
Your surroundings suddenly seem different.
Done exploring.
852 ||| READING scroll labelled XUOPIL FOGO.
As you read the scroll labelled XUOPIL FOGO, it crumbles to dust.
You feel momentarily disoriented.
It was a scroll of revelation.
Done exploring.
853 ||| DROPPING scroll of butterflies.
You drop a scroll of butterflies.
Done exploring.
854 ||| DROPPING 2 potions of attraction.
You drop 2 potions of attraction.
Done exploring.
What level of the Dungeon? (default 1, ? - help)
There is a stone staircase leading down here.
You climb downwards.
There is a stone staircase leading up here.
Waypoint 1 assigned to D:2.
A rat comes into view.
You shoot an arrow. The arrow hits the rat!
You kill the rat!
Found a stone staircase leading up.
Sigmund the Dreaded comes into view.
He is wielding a +4 scythe of freezing.
Sigmund shouts!
You shoot an arrow. The arrow hits Sigmund.
Sigmund is lightly wounded.
Sigmund closely misses you.
You shoot an arrow. The arrow closely misses Sigmund.
Sigmund gestures at you while chanting.
You are confused.
Sigmund hits you from afar with a +4 scythe of freezing.
Sigmund freezes you. Sigmund gestures at you while chanting.
The magic dart hits you.
Sigmund points at you and mumbles some strange words.
The puff of flame misses you.
Sigmund hits you from afar with a +4 scythe of freezing!
Ouch! That really hurt!
You die...
Sigmund begins carving another notch in his scythe.

#.# .# #.# .# #<# .#
#.# .## #.# .. #.# @#
#%######.######
#......@.......
#########.######.######
#.........# .#
##.#######.# .#
.<.......#.# .#
##.....#.#.# .#
#####.#.#.# .# #.#.#.#
.# #.#...#


You could see Sigmund.

Vanquished Creatures
  A dart slug (D:1)
  An endoplasm (D:1)
  A giant cockroach (D:1)
  2 goblins (D:1)
  A hobgoblin (D:1)
  2 ball pythons (D:1)
  4 bats (D:1)
  2 frilled lizards (D:1)
  A kobold (D:1)
  4 rats
19 creatures vanquished.

Notes
Turn   | Place    | Note
-------+----------+-------------------------------------------
     0 | D:1      | qw the Deep Elf Hunter began the quest for the Orb.
     0 | D:1      | Reached XP level 1. HP: 12/12 MP: 3/3
     0 | D:1      | 0 ||| qw: Version: 0.3-a-155-g5e7d8dd
     0 | D:1      | 0 ||| qw: Game counter: 837
     0 | D:1      | 0 ||| qw: Melee chars always use a shield: true
     0 | D:1      | 0 ||| qw: God list: Okawaru
     0 | D:1      | 0 ||| qw: Allow faded altars: false
     0 | D:1      | 0 ||| qw: Do Orc after clearing Dungeon:15 true
     0 | D:1      | 0 ||| qw: Do second Lair branch before Depths: true
     0 | D:1      | 0 ||| qw: Lair rune preference: random
     0 | D:1      | 0 ||| qw: Goals: Normal
     0 | D:1      | 0 ||| PLANNING D:1-11
   306 | D:1      | Reached XP level 2. HP: 16/16 MP: 4/4
   311 | D:1      | Reached skill level 6 in Ranged Weapons
   844 | D:1      | 844 ||| READING 2 scrolls labelled VEDAIP HUTIKK.
   844 | D:1      | 844 ||| IDENTIFYING 2 viscous coppery potions
   845 | D:1      | 845 ||| READING scroll of identify.
   845 | D:1      | 845 ||| IDENTIFYING scroll labelled JINUN WODEAB
   846 | D:1      | 846 ||| READING scroll of enchant weapon.
   846 | D:1      | 846 ||| ENCHANTING +0 shortbow.
   847 | D:1      | 847 ||| READING scroll labelled JYL JOWIAST.
   852 | D:1      | 852 ||| READING scroll labelled XUOPIL FOGO.
   853 | D:1      | 853 ||| DROPPING scroll of butterflies.
   854 | D:1      | 854 ||| DROPPING 2 potions of attraction.
   909 | D:2      | Noticed Sigmund
   916 | D:2      | Slain by Sigmund

Levels and vault maps discovered:
D:1:      pf_arrival_petrified_forest, layout_loops_corners, minmay_distorted
D:2:      layout_loops_ring, kennysheep_boxes, uniq_sigmund

Skill      XL: |  1  2 |
---------------+-------+-----
Ranged Weapons | 6 |  6.3
Fighting       | |  1.5
Dodging        | |  2.4
Stealth        | |  1.2

Action                     || total
---------------------------++-------
   Fire: Shortbow          ||    34
    Use: Scroll            ||     5
 Armour: Leather armour    ||     5
  Dodge: Dodged            ||     5

Table legend:
 A = Non-vault XP
 B = Vault XP
 C = Vault XP percentage of total XP
 D = Non-vault monster count
 E = Vault monster count
 F = Vault count percentage of total count
                 A         B        C        D         E       F
            +---------+---------+-------+---------+---------+-------
      Total |      23 |       6 |  20.7 |      17 |       2 |  10.5
            +---------+---------+-------+---------+---------+-------
        D:1 |      22 |       6 |  21.4 |      16 |       2 |  11.1
        D:2 |       1 |       0 |   0.0 |       1 |       0 |   0.0
            +---------+---------+-------+---------+---------+-------
